 Dungeon Crawl Stone Soup version 0.26-a0-737-g4e9f4955e2 (webtiles) character file.

Game seed: 5293808620459647674

142 GordonOverkill the Chopper (level 5, -3/49 HPs)
             Began as a Palentonga Chaos Knight on Nov 4, 2020.
             Was a Plaything of Xom.
             Slain by a wolf (5 damage)
             ... on level 2 of the Dungeon.
             The game lasted 00:04:31 (2016 turns).

GordonOverkill the Chopper (PaCK)                   Turns: 2016, Time: 00:04:32

Health: -3/49      AC:  8    Str: 17    XL:     5   Next: 3%
Magic:  5/5        EV:  9    Int: 12    God:    Xom [.*....]
Gold:   118        SH:  0    Dex:  9    Spells: 4/4 levels left

rFire    . . .     SeeInvis +   a - +0 hand axe (chaos)
rCold    . . .     Faith    .   (no shield)
rNeg     . . .     Spirit   .   b - +2 leather armour
rPois    .         Reflect  .   e - +0 helmet
rElec    .         Harm     .   (no cloak)
rCorr    .         Rampage  .   c - +0 pair of gloves
MR       .....                  (no barding)
Stlth    +.........             h - amulet of magic regeneration
HPRegen  0.16/turn              (no ring)
MPRegen  0.34/turn              (no ring)

@: about to teleport
A: large, rugged brown scales 3, see invisible, deformed body, sense
surroundings 1, roll, armoured tail
a: Rolling Charge, Renounce Religion


You were on level 2 of the Dungeon.
You worshipped Xom.
You were a plaything of Xom.
You visited 1 branch of the dungeon, and saw 3 of its levels.

You collected 118 gold pieces.

Inventory:

Hand Weapons
 a - a +0 hand axe of chaos (weapon)
 f - a +0 long sword of holy wrath
Armour
 b - a +2 leather armour (worn)
 c - a +0 pair of gloves (worn)
 e - a +0 helmet (worn)
Jewellery
 h - an amulet of magic regeneration (around neck)
Scrolls
 j - 2 scrolls of remove curse


   Skills:
 + Level 4.1 Fighting
 * Level 5.0 Axes
 - Level 1.5 Armour
 - Level 0.7 Dodging


You had 4 spell levels left.
You didn't know any spells.
Your spell library was empty.

Dungeon Overview and Level Annotations

Branches:
Dungeon (3/15)

Altars:


Innate Abilities, Weirdness & Mutations

You are completely covered in rugged brown scales. (AC +3, +7% HP)
You have supernaturally acute eyesight. (SInv)
Armour fits poorly on your strangely shaped body.
You can roll at foes to attack.
You have a long armoured tail.
You passively map a small area around you.


Message History

The wolf bites you!
* * * LOW HITPOINT WARNING * * *
The wolf closely misses you. The wolf bites you.
* * * LOW HITPOINT WARNING * * *
You barely miss the wolf.
The wolf is heavily wounded.
The wolf bites you.
* * * LOW HITPOINT WARNING * * *
The wolf bites you.
* * * LOW HITPOINT WARNING * * *
You miss the wolf.
The wolf is heavily wounded.
The wolf misses you. The wolf barely misses you.
The wolf bites you but does no damage.
You aren't carrying any potions.
Unknown command.
As you read the scroll of teleportation, it crumbles to dust.
You feel strangely unstable. The wolf bites you.
You die...
Xom roars with laughter!

...#.......######.....###.###.###
...####.#### #.)...###.###.# ####
#.# ####............<# # #.#
#.........##.##..# # #.#
#.##......##.##..### #######.#
#.##................ ).....((#
###.#.....#.##..#..#.# #########
#...#[#.#......(#..... #
#....@................ #
#...#h###..#.#..####.. #
##.##......#..........
#.#####........##.##. #.#
#.#.###..##.##. #.#
#.#............ #####.#
#.#########.### #.....# ###.###
##...## #.##### #.....# ##.#)#.#


You could see a wolf (fast, poisoned).

Vanquished Creatures
  An orc wizard (D:2)
  4 gnolls (D:2)
  3 oozes
  2 dart slugs
  3 leopard geckos (D:1)
  2 orcs (D:3)
  2 ball pythons
  3 giant cockroaches
  5 hobgoblins
  4 jackals (D:1)
  6 bats
  2 frilled lizards (D:2)
  8 goblins
  5 kobolds
  7 rats
57 creatures vanquished.

Notes
Turn   | Place    | Note
-------+----------+-------------------------------------------
     0 | D:1      | GordonOverkill the Palentonga Chaos Knight began the quest
                  | for the Orb.
     0 | D:1      | Reached XP level 1. HP: 20/20 MP: 1/1
     7 | D:1      | XOM: divination: detect items
    22 | D:1      | XOM: divination: magic mapping
   130 | D:1      | XOM: stat loss: -1 Int (11/12)
   329 | D:1      | Reached XP level 2. HP: 27/27 MP: 2/2
   419 | D:1      | XOM: give mutation
   419 | D:1      | Gained mutation: You passively map a small area around you.
                  | [Xom's grace]
   789 | D:1      | Reached XP level 3. HP: 33/33 MP: 3/3
   874 | D:1      | XOM: scenery: summon butterflies
   898 | D:2      | Reached skill level 4 in Axes
  1034 | D:2      | XOM: 2-stop teleportation journey
  1037 | D:2      | XOM: god gift: pair of gloves {god gift}
  1195 | D:2      | Reached XP level 4. HP: 22/42 MP: 4/4
  1454 | D:2      | XOM: 4-stop teleportation journey
  1940 | D:2      | Reached skill level 5 in Axes
  1940 | D:2      | Reached XP level 5. HP: 40/49 MP: 5/5
  2002 | D:3      | Noticed a wolf
  2002 | D:3      | an orc priest changed into a wolf
  2014 | D:2      | HP: 2/49 [wolf (3)]
  2016 | D:2      | Slain by a wolf

Illustrated notes

Levels and vault maps discovered:
D:1:      psy_arrival_wood_between_worlds, layout_basic
D:2:      layout_loops_cross
D:3:      layout_basic, lemuel_round_altar

Skill      XL: |  1  2  3  4 |
---------------+-------------+-----
Axes           | 4 5 |  5.0
Fighting       | 4 |  4.1
Armour         | |  1.5
Dodging        | |  0.7

Action                   |  1- 3 |  4- 6 || total
-------------------------+-------+-------++-------
Melee: Hand axe          |    96 |    57 ||   153
       Tailslap          |     8 |     5 ||    13
 Abil: Rolling Charge    |    16 |     9 ||    25
  Use: Scroll            |     6 |     2 ||     8
       Potion            |       |     1 ||     1
Armor: Leather armour    |    45 |    23 ||    68
Dodge: Dodged            |    45 |    35 ||    80

Table legend: (Time is in decaauts)
 A = Elapsed time spent in this place.
 B = Non-inter-level travel time spent in this place.
 C = Inter-level travel time spent in this place.
 D = Time resting spent in this place.
 E = Time spent auto-exploring this place.
 F = Levels seen in this place.
 G = Mean time per level.
                   A        B        C        D        E       F      G
               +--------+--------+--------+--------+--------+-----+--------+
         Total |   2030 |   1891 |    139 |    513 |    968 |   3 |  676.7 |
       Dungeon |   2030 |   1891 |    139 |    513 |    968 |   3 |  676.7 |
               +--------+--------+--------+--------+--------+-----+--------+

Top non-repeatable levels by time:
     D:2: 1066 daAuts
     D:1: 892 daAuts
     D:3: 71 daAuts
